 Dungeon Crawl Stone Soup version 0.25-a0-435-g4b9beb1024 (webtiles) character file.

Game seed: 11565342256785576541, levelgen mode: deterministic

37 night the Caller (level 3, -4/24 HPs)
             Began as a Barachi Summoner on Jan 27, 2020.
             Was an Initiate of Cheibriados.
             Slain by a kobold
             ... wielding a +2 dagger of electrocution
              (8 damage)
             ... on level 2 of the Dungeon.
             The game lasted 00:07:14 (1733 turns).

night the Caller (Barachi Summoner)                 Turns: 1733, Time: 00:07:15

Health: -4/24      AC:  3    Str: 10    XL:     3   Next: 41%
Magic:  5/7        EV: 12    Int: 17    God:    Cheibriados [......]
Gold:   96         SH:  0    Dex: 13    Spells: 1/7 levels left

rFire    . . .     SeeInvis .   h - +0 spear
rCold    . . .     Gourm    .   (no shield)
rNeg     . . .     Faith    .   a - +0 robe
rPois    .         Spirit   .   (no helmet)
rElec    .         Reflect  .   (no cloak)
rCorr    .         Harm     .   (no gloves)
MR       .....                  b - +0 pair of boots
Stlth    ++........             (no amulet)
HPRegen  0.08/turn              (no ring)
MPRegen  0.10/turn              i - ring of flight

@: can't hop, very slow
A: +LOS, swims, slowness 1, strong legs 1
a: Hop, Bend Time, Renounce Religion, Evoke Flight


You were on level 2 of the Dungeon.
You worshipped Cheibriados.
Cheibriados was noncommittal.
You were not hungry.

You visited 1 branch of the dungeon, and saw 2 of its levels.

You collected 96 gold pieces.

Inventory:

Hand Weapons
 d - a +0 short sword
 h - a +0 spear (weapon)
Armour
 a - a +0 robe (worn)
 b - a +0 pair of boots (worn)
Jewellery
 i - a ring of flight (right hand)
Scrolls
 e - a scroll of teleportation
 g - a scroll of blinking {unknown}
Potions
 j - a potion of magic {unknown}
 k - a potion of heal wounds
 l - a potion of resistance
Comestibles
 c - 2 rations
 f - 2 chunks of flesh


   Skills:
 - Level 2.1 Dodging
 - Level 1.7 Stealth
 + Level 2.9 Spellcasting
 * Level 5.7 Summonings


You had one spell level left.
You knew the following spells:

 Your Spells              Type           Power        Failure   Level  Hunger
a - Summon Small Mammal   Summ           ###.         1%          1    None
b - Call Imp              Summ           ###.....     2%          2    ##.....
c - Call Canine Familiar  Summ           ###.....     4%          3    ###....

Your spell library contained the following spells:

 Spells                   Type           Power        Failure   Level  Hunger
 Summon Guardian Golem    Hex/Summ       ##......     16%         3    ###....
 Summon Ice Beast         Ice/Summ       ##......     47%         4    ####...
 Summon Lightning Spire   Summ/Air       ##......     47%         4    ####...


Dungeon Overview and Level Annotations

Branches:
Dungeon (2/15)

Altars:
Cheibriados


Innate Abilities, Weirdness & Mutations

You can be seen from farther away. (+LOS)
You can swim through water.
You cover ground slowly.
You can hop short distances.


Message History

You see here a +0 club.
Some of the chunks of flesh in your inventory have rotted away.
A kobold comes into view.
It is wielding a +2 dagger of electrocution.
Found 2 rations.
The kobold shouts!
There is an open door here.
The kobold hits you but does no damage.
You are electrocuted!
Ouch! That really hurt!
You are too injured to fight recklessly!
You are too injured to fight recklessly!
Hop to where?
Press: ? - help, Dir - move target cursor Boing!
Casting: Call Imp (safe; 2% risk of failure)
Confirm with . or Enter, or press ? or * to list all spells.
A beastly little devil appears in a puff of frigid air.
The kobold hits you with a +2 dagger of electrocution.
* * * LOW HITPOINT WARNING * * *
You are electrocuted!
You die...

*,* #..# #... *,*
#############.########
*,*
#.....................
*,*
#.####.#######.#######
*,*#########.# #.## #
*,*#≈≈≈≈≈≈≈#.# #..# #
*,*#≈.....≈#.# ##.## #
*,*#≈.....≈#.# #..# #
*,*#≈....○K@.# ##.# #
*,*#≈..%..5### #.# #
***+*#≈..%..≈# #.## #
*,,,,#≈.....≈# #..# #
*,,,,#≈≈≈≈≈≈≈# ##.## #
*,,,,######### #..# #
*,,,,,,**,* ##.###
*,,,,,,**+***** #.....
****,,,,,,,,,,,,,*
#..###


You could see a kobold and a friendly white imp.

Vanquished Creatures
  A leopard gecko (D:2)
  2 bats
  A frilled lizard (D:2)
  2 rats (D:2)
6 creatures vanquished.

Vanquished Creatures (collateral kills)
  2 adders (D:2)
  2 oozes
  2 dart slugs
  2 giant cockroaches (D:1)
  4 goblins
  2 hobgoblins (D:2)
  4 bats (D:1)
  3 frilled lizards
  2 kobolds
  3 rats
26 creatures vanquished.

Grand Total: 32 creatures vanquished

Notes
Turn   | Place    | Note
-------+----------+-------------------------------------------
     0 | D:1      | night the Barachi Summoner began the quest for the Orb.
     0 | D:1      | Reached XP level 1. HP: 13/13 MP: 3/3
   124 | D:1      | Reached skill level 5 in Summonings
   462 | D:1      | Reached XP level 2. HP: 15/19 MP: 1/5
   537 | D:1      | Learned a level 2 spell: Call Imp
   986 | D:2      | Found a snail-covered altar of Cheibriados.
  1138 | D:2      | Reached XP level 3. HP: 20/24 MP: 4/7
  1289 | D:2      | Became a worshipper of Cheibriados the Contemplative
  1321 | D:2      | Learned a level 3 spell: Call Canine Familiar
  1733 | D:2      | Slain by a kobold

Levels and vault maps discovered:
D:1:      nicolae_arrival_memento_mori, layout_basic, minmay_pentomino_x2
D:2:      layout_basic, kennysheep_slug_shrine, dk_vineyard_1

Skill      XL: |  1 |
---------------+----+-----
Summonings     | 5 |  5.7
Dodging        | |  2.1
Stealth        | |  1.7
Spellcasting   | |  2.9

Action                   || total
-------------------------++-------
Melee: Unarmed           ||    30
       Spear             ||    11
       Short sword       ||     4
 Cast: Summon Small Mamm ||    37
       Call Imp          ||    13
 Abil: Hop               ||     1
  Use: Scroll            ||     7
 Stab: Sleeping          ||     1
  Eat: Chunk             ||     4
Armor: Robe              ||    42
Dodge: Dodged            ||    60

Table legend:
 A = Non-vault XP
 B = Vault XP
 C = Vault XP percentage of total XP
 D = Non-vault monster count
 E = Vault monster count
 F = Vault count percentage of total count
                 A         B        C        D         E       F
            +---------+---------+-------+---------+---------+-------
      Total |      50 |       4 |   7.4 |      29 |       3 |   9.4
            +---------+---------+-------+---------+---------+-------
        D:1 |      17 |       2 |  10.5 |      13 |       2 |  13.3
        D:2 |      33 |       2 |   5.7 |      16 |       1 |   5.9
            +---------+---------+-------+---------+---------+-------
